 Dungeon Crawl Stone Soup version 0.30.1-11-g7821555f0a (webtiles) character file.

Game seed: 13801571870399165527

10039 Ijustatesigmund the Destroyer (level 11, 0/62 HPs)
             Began as a Tengu Fire Elementalist on Dec 18, 2023.
             Was a Priest of Vehumet.
             Slain by a boulder beetle (8 damage)
             ... on level 11 of the Dungeon.
             The game lasted 00:30:40 (15059 turns).

Ijustatesigmund the Destroyer (TeFE)               Turns: 15059, Time: 00:30:41

Health: 0/62       AC:  8    Str:  9    XL:     11   Next: 55%
Magic:  22/32      EV: 17    Int: 20    God:    Vehumet [***...]
Gold:   436        SH:  0    Dex: 14    Spells: 1/24 levels left

rFire   . . .        H - +6 hand axe (flame)
rCold   . . .        (no shield)
rNeg    + . .        a - +2 robe {rN+}
rPois   .            (helmet restricted)
rElec   .            (no cloak)
rCorr   .            (no gloves)
SInv    .            (boots unavailable)
Will    .....        (no amulet)
Stlth   ++           E - +4 ring of protection
HPRegen 0.30/turn    x - ring of magical power
MPRegen 0.23/turn

%: no passive effects
@: flying quickly and evasively, quick
A: beak, talons 3, nimble flight
a: Renounce Religion


You were on level 11 of the Dungeon.
You worshipped Vehumet.
Vehumet was most pleased with you.
You visited 2 branches of the dungeon, and saw 12 of its levels.

You collected 632 gold pieces.
You spent 196 gold pieces at shops.

Inventory:

Hand Weapons
 c - a +0 flail of protection
 w - a +0 vampiric rapier
 H - a +6 hand axe of flaming (weapon)
Missiles
 z - 4 throwing nets
Armour
 a - a +2 robe of positive energy (worn)
Jewellery
 g - a ring of resist corrosion
 m - a +6 ring of intelligence
 q - a ring of protection from fire
 t - a ring of protection from cold
 v - a ring of ice
 x - a ring of magical power (right hand)
 B - a ring of willpower
 E - a +4 ring of protection (left hand)
Wands
 l - a wand of polymorph (21)
 n - a wand of mindburst (2)
 D - a wand of charming (2)
Scrolls
 h - a scroll of amnesia
 o - 2 scrolls of immolation
 p - 3 scrolls of teleportation
 r - a scroll of enchant weapon
 s - 4 scrolls of identify
 y - a scroll of magic mapping
 C - 2 scrolls of brand weapon
Potions
 b - a potion of magic
 d - a potion of attraction
 e - 3 potions of curing
 f - a potion of mutation
 i - 2 potions of brilliance
 j - a potion of flight
 k - a potion of lignification
 F - a potion of ambrosia
 I - a potion of cancellation


   Skills:
 - Level 4.8 Fighting
 - Level 1.0 Short Blades
 - Level 2.1 Maces & Flails
 - Level 4.8 Armour
 - Level 5.5 Dodging
 - Level 2.0 Stealth
 - Level 7.4 Spellcasting
 + Level 11.5 Conjurations
 * Level 11.2 Fire Magic
 - Level 3.1 Evocations


You had one spell level left.
You knew the following spells:

 Your Spells              Type           Power      Damage    Failure   Level
a - Foxfire               Conj/Fire      100%       2x1d9     1%          1
b - Scorch                Fire           100%       2d9       1%          2
c - Flame Wave            Conj/Fire      52%        2d13      1%          4
d - Starburst             Conj/Fire      26%        6d8       3%          6
e - Ignite Poison         Fire/Tmut/Pois 22%        N/A       1%          3
f - Orb of Destruction    Conj           26%        9d9       17%         7

Your spell library contained the following spells:

 Spells                   Type           Power      Damage    Failure   Level
 Dazzling Flash           Conj/Hex       60%        N/A       1%          3
 Inner Flame              Hex/Fire       29%        N/A       1%          3
 Volatile Blastmotes      Fire/Tloc      58%        2d14      1%          3
 Summon Guardian Golem    Hex/Summ       7%         N/A       26%         3
 Spellforged Servitor     Conj/Summ      15%        N/A       83%         7


Dungeon Overview and Level Annotations

Branches:
Dungeon (11/15)            Temple (1/1) D:7            Lair (0/5) D:11
    Orc (0/2) D:9

Altars:
Ashenzari
Cheibriados
Dithmenos
Elyvilon
Fedhas
Gozag
Hepliaklqana
Kikubaaqudgha
Makhleb
Nemelex Xobeh
Okawaru
Qazlal
Ru
Sif Muna
Trog
Uskayaw
Vehumet
Wu Jian
Xom
Yredelemnul
Zin
The Shining One

Shops:
D:4 [   D:6 :   D:9 :


Innate Abilities, Weirdness & Mutations

You have a beak for a mouth.
You have claws for feet.
Your magical nature lets you fly swiftly and evasively.


Message History

Casting: Orb of Destruction (extremely dangerous; 17% risk of failure)
Confirm with . or Enter, or press ? or * to list all spells.
The spell is extremely dangerous to miscast (17% risk of failure)!
Continue anyway?
Aiming: Orb of Destruction (extremely dangerous; 17% risk of failure)
Press: ? - help, Shift-Dir - straight line, f/p - boulder beetle
Aim: a boulder beetle You miscast Orb of Destruction.
You are very lightly contaminated with residual magic.
You are blasted with magical energy!
You fly upwards.
There is a stone staircase leading down here.
You start resting.
Your magical contamination has completely faded away.
You start resting.
HP restored.
You start resting.
Magic restored.
You fly downwards.
The boulder beetle bites you!
There is a stone staircase leading up, spattered with blood here.
Casting: Orb of Destruction (extremely dangerous; 17% risk of failure)
Confirm with . or Enter, or press ? or * to list all spells.
Flames lash the boulder beetle but do no damage.
The boulder beetle bites you. The boulder beetle closely misses you.
Casting: Scorch (safe; 1% risk of failure)
Confirm with . or Enter, or press ? or * to list all spells.
Flames lash the boulder beetle but do no damage.
The boulder beetle bites you!! The boulder beetle bites you!!
* * * LOW HITPOINT WARNING * * *
Casting: Scorch (safe; 1% risk of failure)
Confirm with . or Enter, or press ? or * to list all spells.
The spell is extremely dangerous to miscast (17% risk of failure)!
Continue anyway?
Aiming: Orb of Destruction (extremely dangerous; 17% risk of failure)
Press: ? - help, Shift-Dir - straight line, f - boulder beetle
Aim: a boulder beetle The wavering orb of destruction weakly hits the boulder beetle!
The boulder beetle is lightly wounded.
The boulder beetle bites you!
You die...

..#..# #..#
.##..# #).#
...... ..>#
.##.### #..# ##
.##.# #... .# C
.# . .## .# ○..
.####
..#######.#.....
.....
.......@B.......
...#
########........
###.. ...#####
#.#...... ..#.#
........
#...##... #.#.#
......# ##### .#
#.#T# .~.~..# #
#.#.# ≈~~...#
#.#.# ≈≈o.~.#
#.####.#B#
≈≈K...#
#........#


You could see a boulder beetle.

Vanquished Creatures
  A hydra (D:10)
  Pikel (D:9)
  A necromancer (D:10)
  2 gargoyles
  2 trolls
  3 meliai (D:11)
  Prince Ribbit (D:6)
  A wyvern (D:7)
  7 yaks (D:8)
  Eustachio (D:4)
  A steam dragon (D:5)
  A warg (D:9)
  2 water moccasins
  2 ice beasts
  A sky beast (D:7)
  A black bear (D:5)
  2 orc warriors
  12 centaurs
  An ogre (D:6)
  A scorpion (D:5)
  4 bullfrogs
  A gnoll sergeant (D:5)
  9 wights
  5 killer bees (D:10)
  10 howler monkeys
  9 hounds
  6 orc priests
  5 jellies
  5 iguanas
  A sleepcap (D:5)
  12 orc wizards
  4 yak simulacra (D:10)
  5 polar bear simulacra (D:10)
  A wolf simulacrum (D:10)
  14 gnolls
  6 adders
  3 shadow imps
  A white imp (D:6)
  3 worms
  2 dart slugs
  37 orcs
  2 ball pythons (D:2)
  8 endoplasms
  2 giant cockroaches (D:1)
  17 goblins
  11 hobgoblins
  7 kobolds
  2 quokkas
  4 bats
  3 frilled lizards
  11 rats
  A river rat simulacrum (D:10)
255 creatures vanquished.

Vanquished Creatures (collateral kills)
  A troll (D:11)
  A hound (D:11)
  A gnoll (D:7)
3 creatures vanquished.

Vanquished Creatures (others)
  A wolf (D:11)
  A centaur (D:11)
  A killer bee (D:10)
  A hound (D:6)
  A gnoll bouda (D:7)
  337 foxfires
342 creatures vanquished.

Grand Total: 600 creatures vanquished

Notes
Turn   | Place    | Note
-------+----------+-------------------------------------------
     0 | D:1      | Ijustatesigmund the Tengu Fire Elementalist began the quest
                  | for the Orb.
     0 | D:1      | Reached XP level 1. HP: 10/10 MP: 4/4
   453 | D:1      | Reached XP level 2. HP: 16/16 MP: 4/6
   456 | D:1      | Learned a level 2 spell: Scorch
   844 | D:2      | Reached skill level 1 in Fighting
   874 | D:2      | Reached XP level 3. HP: 20/20 MP: 3/7
  1824 | D:3      | Reached XP level 4. HP: 25/25 MP: 1/8
  1892 | D:3      | Learned a level 4 spell: Flame Wave
  2729 | D:3      | Found an iron altar of Okawaru.
  3207 | D:4      | Noticed Eustachio
  3216 | D:4      | Killed Eustachio
  3217 | D:4      | Gained mutation: Your magical nature lets you fly swiftly
                  | and evasively. [Tengu growth]
  3217 | D:4      | Reached XP level 5. HP: 31/31 MP: 2/10
  3217 | D:4      | Reached XP level 6. HP: 36/36 MP: 2/11
  3521 | D:4      | Noticed an ice beast
  3537 | D:4      | Killed an ice beast
  3997 | D:4      | Found Comaxzif's Armour Emporium.
  4443 | D:5      | Entered Level 5 of the Dungeon
  4443 | D:5      | Noticed a water moccasin
  4452 | D:5      | Reached XP level 7. HP: 40/41 MP: 13/13
  4625 | D:4      | Reached skill level 5 in Fire Magic
  4995 | D:5      | Found a hide-covered altar of Uskayaw.
  5149 | D:5      | Reached skill level 1 in Maces & Flails
  5149 | D:5      | Reached skill level 5 in Conjurations
  5510 | D:5      | Reached XP level 8. HP: 44/46 MP: 15/15
  5694 | D:5      | Found a sacrificial altar of Ru.
  5695 | D:5      | Found an ancient bone altar of Kikubaaqudgha.
  5940 | D:5      | Reached skill level 1 in Armour
  6195 | D:6      | Noticed Prince Ribbit
  6538 | D:6      | HP: 2/46 [Prince Ribbit (2)]
  6711 | D:6      | Killed Prince Ribbit
  6712 | D:6      | Reached skill level 5 in Spellcasting
  6968 | D:6      | Reached XP level 9. HP: 33/51 MP: 14/17
  7265 | D:6      | Found Ipsioly's Book Shop.
  7361 | D:6      | Reached skill level 1 in Evocations
  9247 | D:7      | Found a staircase to the Ecumenical Temple.
  9253 | Temple   | Entered the Ecumenical Temple
  9370 | Temple   | Became a worshipper of Vehumet
 10151 | D:8      | Reached * piety under Vehumet
 10151 | D:8      | Offered knowledge of Freeze by Vehumet.
 10167 | D:8      | Reached XP level 10. HP: 53/56 MP: 20/20
 11041 | D:9      | Offered knowledge of Searing Ray by Vehumet.
 11042 | D:9      | Reached ** piety under Vehumet
 11224 | D:9      | Found a staircase to the Orcish Mines.
 11229 | D:9      | Reached skill level 10 in Conjurations
 11393 | D:9      | Noticed Pikel
 11405 | D:9      | Killed Pikel
 11955 | D:9      | Found Sehad's Tiny Tomes.
 11960 | D:9      | Bought Cususaap's Vademecum on Power for 196 gold pieces
 11967 | D:9      | Learned a level 6 spell: Starburst
 12187 | D:10     | Entered Level 10 of the Dungeon
 12202 | D:10     | Noticed a seven-headed hydra
 12210 | D:10     | Killed a seven-headed hydra
 12211 | D:10     | Reached skill level 5 in Dodging
 12290 | D:10     | Reached XP level 11. HP: 57/62 MP: 23/23
 12512 | D:10     | Reached skill level 1 in Short Blades
 13252 | D:10     | Noticed a necromancer
 13258 | D:10     | Killed a necromancer
 13259 | D:10     | Reached skill level 10 in Fire Magic
 13302 | D:10     | Offered knowledge of Ignite Poison by Vehumet.
 13506 | D:10     | Learned a level 3 spell: Ignite Poison
 13901 | D:11     | Reached *** piety under Vehumet
 14201 | D:11     | Noticed a cyclops
 14442 | D:11     | Noticed a boulder beetle
 14454 | D:11     | Found a staircase to the Lair.
 14745 | D:10     | Offered knowledge of Dazzling Flash by Vehumet.
 14990 | D:10     | Learned a level 7 spell: Orb of Destruction
 15059 | D:11     | Slain by a boulder beetle

Illustrated notes

Levels and vault maps discovered:
D:1:      sevenhm_arrival_forest_fort_small_5, layout_basic,
          minmay_rat_gold_closets
D:2:      layout_loops_ring
D:3:      layout_basic, nicolae_overflow_crystal_walls
D:4:      layout_cave_pods, serial_shops, nicolae_stop_n_shop_1,
          kennysheep_generic_room_15, uniq_eustachio
D:5:      layout_loops_ring, mainiacjoe_overflow_cross_hatched,
          gammafunk_temple_overflow_statue
D:6:      layout_rooms, serial_shops, shop, uniq_prince_ribbit1
D:7:      layout_basic, minmay_temple_entry_nine_rooms
D:8:      corexii_shantytown, layout_basic
D:9:      layout_basic, david_orc_3, nicolae_shop_i_like_small_books_too,
          uniq_pikel
D:10:     layout_roguey, eino_house_with_fridge
D:11:     layout_loops_ring, erik_lair_island, minmay_misc_feat_rugged
Temple:   mainiacjoe_temple_coin_purse

Skill      XL: |  1  2  3  4  5  6  7  8  9 10 11 |
---------------+----------------------------------+-----
Fighting       | 1 2 3 4 |  4.8
Conjurations   | 2 3 4 5 7 8 10 11 | 11.5
Fire Magic     | 4 5 6 8 9 11 | 11.2
Dodging        | 3 4 5 |  5.5
Spellcasting   | 3 4 5 6 7 |  7.4
Maces & Flails | 1 2 |  2.1
Armour         | 3 4 |  4.8
Evocations     | 3 |  3.1
Short Blades   | 1 |  1.0
Stealth        | |  2.0

Action                     |  1- 3 |  4- 6 |  7- 9 | 10-12 || total
---------------------------+-------+-------+-------+-------++-------
  Melee: Unarmed           |     2 |       |       |       ||     2
         Kick              |     3 |     2 |     8 |    15 ||    28
         Peck              |     2 |     1 |     4 |     6 ||    13
         Whip              |     8 |    11 |       |       ||    19
         Flail             |       |       |    19 |     5 ||    24
         Punch             |       |       |     1 |       ||     1
         Hand axe          |       |       |       |    27 ||    27
   Cast: Foxfire           |    32 |    38 |   100 |    31 ||   201
         Scorch            |    13 |    27 |   125 |    52 ||   217
         Flame Wave        |       |       |     4 |    32 ||    36
         Orb of Destructio |       |       |       |     2 ||     2
         Ignite Poison     |       |       |       |     1 ||     1
  Evoke: Wand              |       |     4 |     6 |    22 ||    32
    Use: Scroll            |       |     7 |     9 |    13 ||    29
         Potion            |       |     1 |     4 |     7 ||    12
   Stab: Sleeping          |     1 |       |       |       ||     1
 Armour: Robe              |     2 |     7 |    52 |    38 ||    99
         Skin              |       |       |       |    36 ||    36
  Dodge: Dodged            |    11 |    36 |   201 |   180 ||   428
